 Dungeon Crawl Stone Soup version 0.30-a0-883-g5ad918d77d (webtiles) character file.

Game seed: 12777473952505065782

541901 ragingrage the Earth Mage (level 27, -1/184 HPs)
             Began as a Kobold Hexslinger on Mar 14, 2023.
             Was a High Priest of Ashenzari.
             Slain by Tiamat
             ... wielding a +2 bardiche of freezing
              (61 damage)
             ... on level 1 of the Realm of Zot on Mar 15, 2023.
             The game lasted 02:28:49 (74667 turns).

ragingrage the Earth Mage (Kobold Hexslinger)      Turns: 74667, Time: 02:28:49

Health: -1/184     AC: 22    Str:  7    XL:     27
Magic:  20/43      EV: 29    Int: 32    God:    Ashenzari [*****.]
Gold:   2133       SH: 13    Dex: 23    Spells: 7/59 levels left

rFire   + . .      SeeInvis +    a - +9 hand crossbow (drain)
rCold   + + .      Faith    .    f - +2 buckler of the Bound Sorrow {rC+, Evo, Bglg} (curse)
rNeg    . . .      Spirit   .    n - +4 troll leather armour of the Prophetic God {Will+ Regen+ Str-3 Int+8 SInv, Self, Bglg} (curse)
rPois   +          Reflect  +    B - +3 crown of Dyrovepreva {rElec Int+2 SInv, Self, Cun} (curse)
rElec   +          Rampage  .    Z - +2 cloak of Star-Bound Wisdom {Will+, Cun, Elem} (curse)
rCorr   .          Clarity  +    u - +2 pair of gloves "Astral the Doldrums" {Comp, Bglg} (curse)
Will    ++++.                    F - +0 pair of boots of the Oracular Cosmos {Fly, Elem, Evo} (curse)
Stlth   +++++++++                m - amulet of Ashenzari's Omen {Reflect SH+5, Cun, Self} (curse)
HPRegen 1.30/turn                o - ring "Shattered Together" {rElec rC++ Slay+4 Stlth+, Comp, Bglg} (curse)
MPRegen 0.28/turn                g - ring "At What Cost Knowledge?" {Fire rPois Dex+4 SInv, Self, Range} (curse)

@: flying, constricted
A: small, no large weapons, nightstalker 3
}: 3/15 runes: decaying, abyssal, gossamer
a: Renounce Religion, Curse Item, Shatter the Chains


You were on level 1 of the Realm of Zot.
You worshipped Ashenzari.
Ashenzari was extremely pleased with you.
You visited 10 branches of the dungeon, and saw 43 of its levels.
You visited the Abyss 2 times.
You visited 2 bazaars.
You also visited: Bailey, Gauntlet, Ice Cave and Desolation.

You collected 6088 gold pieces.
You spent 3955 gold pieces at shops.

Inventory:

Hand Weapons
 a - a +9 hand crossbow of draining (weapon)
 b - a +0 dagger of speed
 r - the +4 dagger of Vuxo {elec, rPois rC+ Will+ Dex-2}
   (You found it in the Desolation of Salt)

   Dex:       It affects your dexterity (-2).
   rC:        It protects you from cold.
   rPois:     It protects you from poison.
   Will:      It increases your willpower.
Missiles
 e - 4 curare-tipped darts
 l - 73 poisoned darts
 R - 7 throwing nets
Armour
 f - the cursed +2 buckler of the Bound Sorrow (worn) {rC+, Evo, Bglg}
   (You found it in an ice cave)

   It has a curse which improves the following skills: Evocations: Evocations.
   Beguiling: Conjurations, Hexes and Translocations.
 n - the cursed +4 troll leather armour of the Prophetic God (worn) {Will+ Regen+ Str-3 Int+8 SInv, Self, Bglg}
   (You found it in the Desolation of Salt)

   Str:       It affects your strength (-3).
   Int:       It affects your intelligence (+8).
   SInv:      It lets you see invisible.
   Regen:     It increases your rate of health regeneration.
   Will:      It increases your willpower.
   It has a curse which improves the following skills: Introspection: Fighting
   and Spellcasting.
   Beguiling: Conjurations, Hexes and Translocations.
 u - the cursed +2 pair of gloves "Astral the Doldrums" (worn) {Comp, Bglg}
   (You found it on level 3 of the Elven Halls)

   It has a curse which improves the following skills: Companions: Summonings
   and Necromancy.
   Beguiling: Conjurations, Hexes and Translocations.
 B - the cursed +3 crown of Dyrovepreva (worn) {rElec Int+2 SInv, Self, Cun}
   (You acquired it on level 2 of the Lair of Beasts)

   Int:       It affects your intelligence (+2).
   rElec:     It insulates you from electricity.
   SInv:      It lets you see invisible.
   It has a curse which improves the following skills: Introspection: Fighting
   and Spellcasting.
   Cunning:   Dodging and Stealth.
 F - the cursed +0 pair of boots of the Oracular Cosmos (worn) {Fly, Elem, Evo}
   (You found it in a bailey)

   It has a curse which improves the following skills: Elements: Fire Magic, Ice
   Magic, Air Magic and Earth Magic.
   Evocations: Evocations.
 Z - the cursed +2 cloak of Star-Bound Wisdom (worn) {Will+, Cun, Elem}
   (You found it on level 5 of the Lair of Beasts)

   It has a curse which improves the following skills: Cunning: Dodging and
   Stealth.
   Elements:  Fire Magic, Ice Magic, Air Magic and Earth Magic.
Jewellery
 g - the cursed ring "At What Cost Knowledge?" (right hand) {Fire rPois Dex+4 SInv, Self, Range}
   (You acquired it on level 3 of the Lair of Beasts)

   [ring of fire]

   It enhances your fire magic.
   Dex:       It affects your dexterity (+4).
   rF:        It protects you from fire.
   rC:        It makes you vulnerable to cold.
   rPois:     It protects you from poison.
   SInv:      It lets you see invisible.
   It has a curse which improves the following skills: Introspection: Fighting
   and Spellcasting.
   Ranged Combat: Ranged Weapons and Throwing.
 m - the cursed amulet of Ashenzari's Omen (around neck) {Reflect SH+5, Cun, Self}
   (You bought it in a shop in a bazaar)

   [amulet of reflection]

   It reflects blocked missile attacks.
   SH:        It affects your SH (+5).
   It has a curse which improves the following skills: Cunning: Dodging and
   Stealth.
   Introspection: Fighting and Spellcasting.
 o - the cursed ring "Shattered Together" (left hand) {rElec rC++ Slay+4 Stlth+, Comp, Bglg}
   (You acquired it on level 3 of the Lair of Beasts)

   [ring of slaying]

   Slay:      It affects your accuracy & damage with ranged weapons and melee
   (+4).
   rC:        It greatly protects you from cold.
   rElec:     It insulates you from electricity.
   Stlth:     It makes you more stealthy.
   It has a curse which improves the following skills: Companions: Summonings
   and Necromancy.
   Beguiling: Conjurations, Hexes and Translocations.
Wands
 q - a wand of mindburst (26)
 I - a wand of paralysis (50)
 L - a wand of digging (29)
 S - a wand of polymorph (28)
 T - a wand of light (22)
 W - a wand of roots (11)
Scrolls
 i - 4 scrolls of poison
 j - 4 scrolls of butterflies
 k - 10 scrolls of teleportation
 t - 14 scrolls of vulnerability
 w - 2 scrolls of enchant weapon
 C - 7 scrolls of immolation
 M - 3 scrolls of silence
 N - 7 scrolls of fog
 P - 4 scrolls of magic mapping
 U - 5 scrolls of fear
 X - a scroll of blinking
Potions
 d - 11 potions of curing
 h - 11 potions of haste
 p - 6 potions of heal wounds
 s - 12 potions of attraction
 v - 3 potions of berserk rage
 x - 7 potions of ambrosia
 A - 5 potions of might
 E - 8 potions of brilliance
 H - 12 potions of flight
 Q - 6 potions of lignification
 V - 4 potions of magic
 Y - 4 potions of cancellation
Miscellaneous
 c - a lightning rod (4/4)
 y - a phial of floods
 z - a condenser vane (inert)
 K - a phantom mirror (inert)


   Skills:
 - Level 16.7(22.0) Fighting
 - Level 11.7 Short Blades
 - Level 15.8(18.0) Ranged Weapons
 - Level 12.8 Armour
 - Level 16.7(21.0) Dodging
 - Level 14.6(19.0) Stealth
 - Level 5.0 Shields
 + Level 11.0(16.5) Spellcasting
 - Level 14.5(19.9) Conjurations
 - Level 11.5(17.0) Hexes
 - Level 12.6(16.0) Summonings
 + Level 10.4(13.9) Necromancy
 - Level 1.1(4.0) Translocations
 - Level 8.6 Transmutations
 - Level 2.5(5.2) Ice Magic
 - Level 1.0(2.9) Air Magic
 - Level 19.8(22.9) Earth Magic
 - Level 11.5(15.0) Evocations


You had 7 spell levels left.
You knew the following spells:

 Your Spells              Type           Power      Damage    Failure   Level
a - Spellforged Servitor  Conj/Summ      48%        N/A       1%          7
b - Wereblood             Tmut           69%        N/A       1%          2
c - Ozocubu's Armour      Ice            56%        N/A       1%          3
d - Irradiate             Conj/Tmut      43%        3d26      1%          5
e - Passwall              Tmut/Erth      75%        N/A       0%          2
f - Borgnjor's Vile Clut  Necr/Erth      48%        N/A       1%          5
g - Iron Shot             Conj/Erth      52%        9d10      1%          6
h - Yara's Violent Unrav  Hex/Tmut       41%        3d16      1%          5
i - Swiftness             Air            45%        N/A       2%          3
j - Blink                 Tloc           100%       N/A       1%          2
k - Lee's Rapid Deconstr  Erth           53%        3d25*     0%          5
l - Enfeeble              Hex            47%        N/A       2%          7

Your spell library contained the following spells:

 Spells                   Type           Power      Damage    Failure   Level
 Kiss of Death            Conj/Necr      100%       2d13      0%          1
 Magic Dart               Conj           100%       1d8       0%          1
 Necrotise                Necr           100%       1d9       0%          1
 Sandblast                Erth           100%       2d20      0%          1
 Slow                     Hex            100%       N/A       0%          1
 Summon Small Mammal      Summ           100%       N/A       0%          1
 Call Imp                 Summ           91%        N/A       0%          2
 Searing Ray              Conj           100%       2d8       0%          2
 Sublimation of Blood     Necr           86%        N/A       0%          2
 Call Canine Familiar     Summ           91%        N/A       0%          3
 Confusing Touch          Hex            94%        N/A       0%          3
 Dazzling Flash           Conj/Hex       100%       N/A       0%          3
 Stone Arrow              Conj/Erth      100%       3d13      0%          3
 Tukima's Dance           Hex            94%        N/A       0%          3
 Animate Armour           Summ/Erth      100%       N/A       0%          4
 Fulminant Prism          Conj/Hex       49%        3d21      0%          4
 Leda's Liquefaction      Hex/Erth       50%        N/A       0%          4
 Apportation              Tloc           100%       N/A       1%          1
 Beastly Appendage        Tmut           100%       N/A       1%          1
 Foxfire                  Conj/Fire      100%       2x1d9     1%          1
 Freeze                   Ice            100%       1d10      1%          1
 Shock                    Conj/Air       100%       1d9       1%          1
 Cigotuvi's Dreadful Rot  Necr/Pois/Air  100%       N/A       1%          2
 Ensorcelled Hibernation  Hex/Ice        100%       N/A       1%          2
 Lesser Beckoning         Tloc           100%       N/A       1%          2
 Momentum Strike          Conj/Tloc      100%       3d10      1%          2
 Frozen Ramparts          Ice            100%       1d16      1%          3
 Gell's Gravitas          Tloc           51%        N/A       1%          3
 Hailstorm                Conj/Ice       82%        3d17      1%          3
 Inner Flame              Hex/Fire       89%        N/A       1%          3
 Mephitic Cloud           Conj/Pois/Air  66%        N/A       1%          3
 Portal Projectile        Hex/Tloc       100%       N/A       1%          3
 Spider Form              Tmut/Pois      52%        N/A       1%          3
 Teleport Other           Tloc           51%        N/A       1%          3
 Anguish                  Hex/Necr       45%        N/A       1%          4
 Animate Dead             Necr           86%        N/A       1%          4
 Cause Fear               Hex            47%        N/A       1%          4
 Dispel Undead            Necr           86%        3d28      1%          4
 Flame Wave               Conj/Fire      95%        2d20      1%          4
 Ice Form                 Ice/Tmut       63%        N/A       1%          4
 Iskenderun's Mystic Bla  Conj/Tloc      80%        2d16      1%          4
 Sticky Flame             Conj/Fire      95%        2d10      1%          4
 Summon Lightning Spire   Summ/Air       72%        N/A       1%          4
 Agony                    Necr           86%        N/A       1%          5
 Fireball                 Conj/Fire      47%        3d19      1%          5
 Freezing Cloud           Conj/Ice/Air   36%        6-21      1%          5
 Iskenderun's Battlesphe  Conj           100%       2d15      1%          5
 Lightning Bolt           Conj/Air       39%        1d58      1%          5
 Metabolic Englaciation   Hex/Ice        39%        N/A       1%          5
 Silence                  Hex/Air        37%        N/A       1%          5
 Death Channel            Necr           43%        N/A       1%          6
 Statue Form              Tmut/Erth      60%        N/A       1%          6
 Summon Cactus Giant      Summ           45%        N/A       1%          6
 Poisonous Vapours        Pois/Air       70%        N/A       2%          2
 Ignite Poison            Fire/Tmut/Pois 62%        N/A       2%          3
 Blade Hands              Tmut           34%        N/A       2%          5
 Kindle Blastsparks       Fire/Tloc/Air  100%       2d18      3%          3
 Monstrous Menagerie      Summ           45%        N/A       3%          7
 Summon Hydra             Summ           45%        N/A       3%          7
 Manifold Assault         Tloc           51%        N/A       5%          4
 Passage of Golubria      Tloc           51%        N/A       5%          4
 Haunt                    Necr/Summ      44%        N/A       5%          7
 Starburst                Conj/Fire      47%        6d13      7%          6
 Airstrike                Air            22%        2d(4-20)  9%          4
 Simulacrum               Ice/Necr       36%        N/A       9%          6
 Alistair's Intoxication  Tmut/Pois      34%        N/A       14%         5
 Malign Gateway           Summ/Tloc      37%        N/A       38%         7
 Dragon Form              Tmut           34%        N/A       58%         7
 Eringya's Noxious Bog    Tmut/Pois      26%        N/A       61%         6
 Dispersal                Tloc           25%        N/A       65%         6
 Ozocubu's Refrigeration  Ice            28%        4d13      96%         7
 Summon Horrible Things   Summ           45%        N/A       28%         8
 Infestation              Necr           43%        N/A       54%         8
 Disjunction              Tloc           25%        N/A       100%        8
 Polar Vortex             Ice            28%        N/A       100%        9


Dungeon Overview and Level Annotations

Branches:
Dungeon (15/15)            Temple (1/1) D:4            Lair (5/5) D:9
  Swamp (4/4) Lair:3       Spider (4/4) Lair:2        Slime (0/5) Lair:4
    Orc (2/2) D:11            Elf (3/3) Orc:2        Vaults (4/5) D:13
  Crypt (0/3) Vaults:2     Depths (4/4) D:15            Zot (1/5) Depths:4
 Bailey (visited)           IceCv (visited)         Desolation (visited)
Gauntlet (visited)

Altars:
Ashenzari
Cheibriados
Dithmenos
Elyvilon
Fedhas
Gozag
Hepliaklqana
Kikubaaqudgha
Makhleb
Nemelex Xobeh
Okawaru
Qazlal
Ru
Sif Muna
Trog
Uskayaw
Vehumet
Wu Jian
Xom
Yredelemnul
Zin
The Shining One
Jiyva
Lugonu

Shops:
D:9 ?   Orc:2 [(*[:   Elf:1 *   Elf:2 [?***   Vaults:1 !   Vaults:4 [!(
Depths:2 *

Portals:
Hell: Depths:1 Depths:2 Depths:3 Depths:4*
Abyss: Depths:1 Depths:3 Depths:4
Pandemonium: Depths:1 Depths:2 Depths:4
Ziggurat: Depths:1

Annotations:
D:10 exclusion: downstairs
Lair:2 exclusion: downstairs
Swamp:1 2 transporters, Duck's ghost, journeyman FeBe
Swamp:2 1 runed translucent door, exclusions: fenstrider witch and 3 more exclusions, loopz's ghost, adept DEEE
Swamp:3 exclusion: downstairs
Spider:1 exclusion: 2 downstairs
Spider:2 exclusion: door
Spider:3 exclusion: downstairs
Elf:1 36 runed doors
Elf:2 3 runed translucent doors
Zot:1 Tiamat


Innate Abilities, Weirdness & Mutations

You are small and have problems with some larger weapons.
You are completely attuned to the shadows.


Message History

You shoot a bolt.
The bolt hits Tiamat but does no damage.
The zombie hands constrict Tiamat!
The zombie hands release their grip on Tiamat.
The moth of wrath is engulfed in acidic fog.
The acid corrodes the moth of wrath!
The moth of wrath is engulfed in acidic fog.
The moth of wrath goads Tiamat on!
Tiamat goes berserk!
The tentacled monstrosity is engulfed in acidic fog.
The tentacled monstrosity seems to be corroded for longer.
You block the tentacled monstrosity's attack. x3
The tentacled monstrosity closely misses you.
Tiamat is engulfed in acidic fog.
Tiamat seems to be corroded for longer.
Tiamat hits you from afar with a +2 bardiche of freezing!!
Tiamat freezes you.
Unknown command.
Aiming: Phantom Mirror
Aim: Tiamat, wielding a +2 bardiche of freezing and wearing the +4 dragonskin cloak (acidic fog, severely wounded, berserk, covered in acid, lightly drained, ally target)
You reflect Tiamat with the mirror!
The mirror clouds!
Tiamat is engulfed in acidic fog.
Tiamat closely misses you.
Tiamat is engulfed in acidic fog.
Tiamat seems to be corroded for longer.
Tiamat hits the moth of wrath with a +2 bardiche of freezing!!!
Tiamat freezes the moth of wrath.
The moth of wrath dies!
The tentacled monstrosity is engulfed in acidic fog.
The tentacled monstrosity completely misses you.
The tentacled monstrosity misses you.
The tentacled monstrosity tentacle-slaps you but does no damage.
The tentacled monstrosity grabs you.
The tentacled monstrosity constricts you.
Something hits Tiamat but does no damage.
Unknown command.
Unknown command.
Fire: a) +9 hand crossbow (drain)
Aim: Tiamat, wielding a +2 bardiche of freezing and wearing the +4 dragonskin cloak (acidic fog, severely wounded, berserk, covered in acid, lightly drained, ally target, 82% to hit)
You shoot a bolt. The bolt completely misses Tiamat.
Tiamat is engulfed in acidic fog.
Tiamat hits you from afar with a +2 bardiche of freezing!!!
You die...

* *, * * *, , , ,
, ,,,, *, ,, *,
,*.. ** * , * ⌠,
, , y.##**
..##,,, ,, ,, ,
,** ##.§###...##
, , , ,
...§§§§)...#*,, *
***,,
{#d§°§§...** **,
* *,, *
#.{{#d§X§...,**,,
**, * , ,
d.{##§§@§9.., * ,
** * + * *,
,..{,##§..... **
**,, , ,+, ..{
{##§....,, * ,,*
> *,, ,,* , ,
##>... , ,***, *
,,*, ,,, .#..,,,,
** * * , , , * ,
, ,,, * ,,* ,,,,
,, , , , ,** ***
* , * ** , *** *
, * * , * ,* , ,


You could see Tiamat (berserk, corroded, drained, ally target), a tentacled
monstrosity (corroded), the friendly Tiamat (summoned, berserk, corroded,
drained) and a friendly spellforged servitor (summoned).

Vanquished Creatures
  Bai Suzhen (Swamp:3)
  2 golden dragons
  A caustic shrike (Depths:2)
  Nikola (Swamp:3)
  2 doom hounds (Depths:2)
  2 tentacled monstrosities
  Mlioglotl (Spider:2)
  A lich (Depths:3)
  Jorgrun (Spider:1)
  2 deep elf blademasters (Elf:3)
  2 titans
  Grunn (Depths:2)
  A deep elf master archer (Elf:3)
  3 sphinxes
  Roxanne (D:15)
  A storm dragon (Depths:4)
  2 tengu reavers
  A draconian monk (Zot:1)
  Donald (Spider:4)
  4 fenstrider witches (Swamp:4)
  6 emperor scorpions
  3 deep elf sorcerers
  3 fire giants
  2 iron dragons
  5 frost giants
  Louise (Spider:4)
  A draconian shifter (Zot:1)
  An imperial myrmidon (Desolation)
  Aizul (D:15)
  4 ghost moths
  11 vault wardens
  A ghoul (Vaults:2)
  2 spectral caustic shrikes (Depths:3)
  22 very ugly things
  A reaper (IceCv)
  4 orc warlords
  A draconian stormcaller (Depths:4)
  A war gargoyle (Vaults:4)
  9 stone giants
  2 draconian annihilators
  7 ironbound thunderhulks
  5 broodmothers
  18 dire elephants
  5 vampire knights
  5 deep elf demonologists (Elf:3)
  8 eleionomae
  8 deep elf annihilators
  21 ironbound preservers
  2 black draconians
  A lorocyproca (Depths:2)
  A halazid warlock (Desolation)
  A white draconian (Depths:4)
  A purple draconian (Zot:1)
  A green draconian (Zot:1)
  8 spark wasps
  3 yellow draconians
  3 red draconians (Zot:1)
  7 bunyips
  11 ettins
  10 fire dragons
  7 deep elf death magi
  A merfolk impaler (Depths:1)
  Snorg (D:12)
  2 crystal guardians (Vaults:4)
  An entropy weaver (shapeshifter) (Elf:3)
  3 deep elf high priests (Elf:3)
  8 entropy weavers
  Josephine (D:10)
  5 ragged hierophants (Desolation)
  10 vault guards
  5 yaktaur captains
  4 rakshasas
  4 great orbs of eyes
  2 ice dragons
  13 hydras
  Harold (D:9)
  Erica (D:8)
  5 radroaches
  3 servants of whispers (Desolation)
  12 peacekeepers
  3 ghost crabs
  3 spriggan air magi (Depths:3)
  21 centaur warriors
  2 death knights
  An ogre mage (D:13)
  5 tengu warriors
  15 dancing weapons
  8 ironbound frosthearts
  8 two-headed ogres
  9 alligators
  4 boulder beetles
  4 deep troll shamans
  5 deep troll earth magi
  12 death yaks
  A soul eater (Vaults:2)
  4 thrashing horrors (Abyss:3)
  5 spriggan berserkers
  4 vampire magi
  5 orc high priests
  19 deep elf knights
  A shock serpent (shapeshifter) (Depths:2)
  5 hell knights (Depths:4)
  Sonja (Orc:2)
  4 skeletal warriors (D:13)
  14 spriggans
  2 wretched stars (Abyss:3)
  3 sun moths
  3 iron trolls
  A fire crab (shapeshifter) (D:15)
  A death drake (Swamp:4)
  Amaemon (Lair:2)
  4 pharaoh ants
  A death drake (shapeshifter) (Elf:3)
  2 goliath frogs
  46 deep trolls
  3 sixfirhies
  7 spriggan druids (Swamp:4)
  3 glowing orange brains
  An obsidian statue (Gauntlet)
  5 bog bodies
  3 swamp dragons
  6 wizards
  7 steelbarb worms
  20 ironbound convokers
  5 orb spiders
  9 deep elf archers
  14 orc knights
  6 harpies (Vaults:1)
  25 wolf spiders
  10 wolf spider zombies (Spider:1)
  17 deep elf zephyrmancers
  28 ugly things
  11 lindwurms
  3 necromancers
  5 starcursed masses (Abyss:3)
  29 deep elf pyromancers
  A worldbinder (Abyss:3)
  10 orc sorcerers
  2 oklob plants (Spider:2)
  3 will-o-the-wisps
  2 manticores
  3 moths of wrath
  6 cyclopes
  An apocalypse crab (Abyss:3)
  7 black mambas
  An ice statue (IceCv)
  8 vault sentinels
  A stone giant skeleton (Abyss:3)
  A rust devil (Depths:2)
  2 smoke demons
  2 nameless horrors
  2 molten gargoyles (Lair:5)
  4 torpor snails
  2 gargoyles
  6 demonic crawlers
  4 guardian serpents (Desolation)
  3 orange demons
  A hellion (Abyss:3)
  11 cane toads
  5 rime drakes
  4 redback zombies (Spider:1)
  2 kobold demonologists (D:13)
  Maggie (Lair:2)
  4 tengu conjurers
  12 komodo dragons
  A tormentor (Abyss:3)
  23 yaktaurs
  2 ice devils
  2 efreet (Abyss:3)
  3 freezing wraiths
  A meliai (Spider:4)
  A red devil (Depths:2)
  9 trolls
  An ancient zyme (Abyss:3)
  2 bloated husks
  9 tyrant leeches
  A meliai (shapeshifter) (D:15)
  13 hornets
  6 polar bears (Lair:4)
  2 hellwings (Swamp:4)
  15 blink frogs
  2 culicivora zombies (Spider:1)
  36 tarantellas
  A raiju (Abyss:3)
  7 tarantella zombies (Spider:1)
  5 large abominations
  46 saltlings (Desolation)
  16 slime creatures
  5 air elementals
  A jumping spider (shapeshifter) (D:13)
  32 jumping spiders
  A spriggan (shapeshifter) (Depths:4)
  33 culicivoras
  18 water elementals
  3 wyverns
  A dire elephant simulacrum (IceCv)
  7 wraiths
  4 shadows
  A vampire (D:9)
  A ynoxinul (Abyss:3)
  33 yaks
  A human (shapeshifter) (D:13)
  3 fire bats (Abyss:3)
  2 chaos spawn
  5 steam dragons
  5 vampire mosquitoes
  3 fire elementals
  A redback (shapeshifter) (D:13)
  3 death yak simulacra (IceCv)
  A hog (D:14)
  4 basilisks
  44 redbacks
  A harpy simulacrum (IceCv)
  20 swamp worms
  3 acid dragons
  6 wargs
  A hydra simulacrum (IceCv)
  Duvessa (D:5)
  9 hell hounds
  14 water moccasins
  A floating eye (Depths:2)
  5 swamp drakes
  2 black bears (D:5)
  2 ice beasts
  39 orc warriors
  7 ogres
  16 wolves
  4 small abominations
  3 boggarts (Vaults:1)
  11 centaurs
  2 phantoms
  4 kobold brigands
  10 bullfrogs
  3 earth elementals
  6 two-headed ogre simulacra (IceCv)
  5 scorpions
  3 cane toad simulacra (IceCv)
  10 wights
  Dowan (D:5)
  3 elephant simulacra (IceCv)
  11 killer bees
  7 electric eels
  6 howler monkeys
  5 lava snakes (Lair:5)
  3 hounds
  A quasit (Abyss:3)
  A jelly (D:3)
  11 orc priests
  2 iguanas
  14 orc wizards
  A sleepcap (D:8)
  3 troll simulacra (IceCv)
  3 polar bear simulacra (IceCv)
  7 spriggan simulacra (IceCv)
  2 wolf simulacra (IceCv)
  8 naga simulacra (IceCv)
  10 adders
  9 gnolls
  A shadow imp (D:7)
  9 white imps
  6 ufetubi
  A worm (D:2)
  A dart slug (D:1)
  78 orcs
  6 ball pythons
  9 bats
  6 endoplasms
  3 giant cockroaches
  9 goblins
  7 hobgoblins
  25 kobolds
  4 quokkas
  2 frilled lizards (D:3)
  7 rats
1768 creatures vanquished.

Vanquished Creatures (collateral kills)
  Parghit (Depths:3)
  2 golden dragons
  Jory (Vaults:4)
  A bone dragon (Abyss:3)
  A hellephant (Abyss:3)
  A walking earthen tome (Depths:4)
  A lich (Vaults:4)
  Kirke (D:14)
  2 thorn hunters (Swamp:4)
  A shadow dragon (Depths:4)
  A fire giant (Depths:2)
  2 imperial myrmidons (Desolation)
  3 spectral caustic shrikes (Depths:3)
  A draconian scorcher (Depths:4)
  A spriggan defender (Depths:3)
  7 very ugly things
  A reaper (Swamp:4)
  2 stone giants (Depths:3)
  An ironbound thunderhulk (Vaults:3)
  An eleionoma (Swamp:4)
  2 purple draconians (Zot:1)
  A dire elephant (Vaults:2)
  A red draconian (Abyss:3)
  A minotaur (Gauntlet)
  2 halazid warlocks (Desolation)
  An ettin (Depths:1)
  2 green deaths
  An entropy weaver (Vaults:4)
  2 fire dragons
  2 yaktaur captains (Vaults:4)
  2 ragged hierophants (Desolation)
  2 vault guards (Vaults:4)
  A great orb of eyes (Vaults:4)
  2 ice dragons
  A servant of whispers (Desolation)
  3 rakshasas
  A spriggan air mage (Depths:1)
  A peacekeeper (Vaults:4)
  2 ironbound frosthearts (Vaults:4)
  A dancing weapon (Abyss:3)
  A tengu warrior (Depths:2)
  2 deep troll earth magi
  A spriggan berserker (Depths:4)
  2 thrashing horrors (Abyss:3)
  A spriggan (Swamp:4)
  An iron troll (Depths:1)
  A sixfirhy (Swamp:4)
  A spriggan druid (Swamp:4)
  A flayed ghost (Depths:2)
  3 glowing orange brains
  2 swamp dragons (Swamp:4)
  A wizard (Vaults:4)
  2 deep trolls (Vaults:4)
  5 ugly things
  A moth of wrath (Zot:1)
  A hellion (Depths:4)
  A yaktaur (Vaults:4)
  An ancient zyme (Abyss:3)
  An ice devil (Depths:4)
  A tengu conjurer (Depths:4)
  A red devil (Depths:4)
  3 tyrant leeches (Swamp:4)
  2 hornets (Swamp:4)
  A tarantella (Spider:1)
  3 saltlings (Desolation)
  3 water elementals (Depths:1)
  A fire bat (Abyss:3)
  3 small abominations
  A large abomination (Abyss:3)
  A neqoxec (Swamp:4)
  2 centaurs (D:14)
  A lurking horror (Abyss:3)
115 creatures vanquished.

Vanquished Creatures (others)
  An ironbound preserver (Vaults:4)
  An ice dragon (Depths:2)
  An alligator (Swamp:3)
  A spriggan air mage (Swamp:4)
  A sixfirhy (Swamp:4)
  A deep troll (Vaults:2)
  A deep elf zephyrmancer (Elf:2)
  3 bloated husks
  A tyrant leech (Swamp:4)
  A tarantella (Spider:2)
  A jumping spider (Spider:4)
  A redback (Spider:4)
  A swamp drake (Swamp:1)
  A small abomination (Abyss:3)
  An orc wizard (D:13)
  A quokka (Depths:1)
  A bush (Lair:5)
  2 foxfires (Swamp:3)
  66 fungi
  44 plants
  14 withered plants (Gauntlet)
145 creatures vanquished.

Grand Total: 2028 creatures vanquished

Notes
Turn   | Place    | Note
-------+----------+-------------------------------------------
     0 | D:1      | ragingrage the Kobold Hexslinger began the quest for the
                  | Orb.
     0 | D:1      | Reached XP level 1. HP: 12/12 MP: 2/2
   228 | D:1      | Reached XP level 2. HP: 16/16 MP: 0/3
   619 | D:2      | Reached XP level 3. HP: 20/20 MP: 4/4
   704 | D:1      | Learned a level 3 spell: Inner Flame
  1093 | D:1      | Reached skill level 1 in Stealth
  1186 | D:2      | Found a faded altar of an unknown god.
  1284 | D:2      | Reached XP level 4. HP: 24/25 MP: 3/5
  1407 | D:2      | Reached skill level 5 in Ranged Weapons
  1802 | D:3      | Reached XP level 5. HP: 29/29 MP: 6/6
  1843 | D:3      | Reached skill level 1 in Short Blades
  2754 | D:4      | Noticed a black bear
  2755 | D:4      | Noticed an ogre
  3018 | D:4      | Reached XP level 6. HP: 34/34 MP: 7/7
  3090 | D:4      | Reached skill level 5 in Stealth
  3565 | D:4      | Found a staircase to the Ecumenical Temple.
  3573 | Temple   | Entered the Ecumenical Temple
  3631 | Temple   | Became a worshipper of Ashenzari the Shackled
  3743 | D:5      | Entered Level 5 of the Dungeon
  3754 | D:5      | Noticed a water moccasin
  3776 | D:5      | Killed a water moccasin
  3777 | D:5      | Reached skill level 5 in Short Blades
  3777 | D:5      | Reached XP level 7. HP: 33/38 MP: 8/8
  3883 | D:5      | Noticed Duvessa
  3896 | D:5      | Identified the +4 chain mail of Eravuxis {rElec Will+ Str+3
                  | Stlth+}
  4215 | D:5      | Reached XP level 8. HP: 37/43 MP: 9/9
  4471 | D:5      | Noticed a two-headed ogre
  4477 | D:5      | Killed a two-headed ogre
  4478 | D:5      | Reached XP level 9. HP: 47/47 MP: 10/10
  4586 | D:5      | Reached skill level 10 in Short Blades
  4637 | D:5      | Reached skill level 1 in Evocations
  4795 | D:5      | Noticed Dowan
  4826 | D:5      | Killed Duvessa
  4845 | D:5      | Killed Dowan
  5496 | D:7      | Found a flagged portal.
  5511 | Bailey   | Entered a bailey
  5515 | Bailey   | Reached * piety under Ashenzari
  6350 | Bailey   | Reached skill level 10 in Ranged Weapons
  6514 | Bailey   | Reached XP level 10. HP: 56/56 MP: 11/11
  6664 | Bailey   | Identified the Incunabulum of Fever
  6733 | D:7      | Found an ancient bone altar of Kikubaaqudgha.
  6737 | D:7      | Learned a level 2 spell: Passwall
  6798 | D:7      | Found an opulent altar of Gozag.
  6798 | D:7      | Found a shimmering altar of Xom.
  6906 | D:7      | Reached skill level 1 in Transmutations
  6906 | D:7      | Reached skill level 1 in Earth Magic
  7047 | D:7      | Found a large runed translucent door.
  7047 | D:7      | Found a large runed translucent door.
  7149 | D:7      | Reached skill level 2 in Earth Magic
  7385 | D:6      | Reached ** piety under Ashenzari
  7716 | D:7      | Found a large runed translucent door.
  7716 | D:7      | Found a large runed translucent door.
  7847 | D:7      | Reached skill level 3 in Earth Magic
  7881 | D:7      | Identified the cursed +0 pair of gloves "Circumscribed
                  | Elitism" {Melee, Elem} (You found it on level 3 of the
                  | Dungeon)
  7881 | D:7      | Identified the cursed +2 leather armour of the Ruined
                  | Trepidation {rN+, Alch, Range} (You found it on level 7 of
                  | the Dungeon)
  8056 | D:7      | Noticed a two-headed ogre
  8121 | D:7      | Killed a two-headed ogre
  8122 | D:7      | Reached skill level 5 in Dodging
  8458 | D:7      | Noticed a two-headed ogre
  8476 | D:7      | Killed a two-headed ogre
  8477 | D:7      | Reached skill level 5 in Fighting
  8874 | D:8      | Noticed a purple ugly thing
  8995 | D:8      | Identified the +0 leather armour of Fortitude {+Blink rPois
                  | rC- Str+4}
  9058 | D:8      | Noticed Erica
  9173 | D:8      | Reached skill level 4 in Earth Magic
  9173 | D:8      | Reached XP level 11. HP: 58/63 MP: 7/12
  9407 | D:9      | Found Gabe's Magic Scroll Boutique.
  9417 | D:9      | Noticed a two-headed ogre
  9435 | D:9      | Killed a two-headed ogre
  9942 | D:9      | Identified the +12 spear of Brutal Revenge {freeze, rN+}
  9954 | D:9      | Learned a level 3 spell: Tukima's Dance
 10200 | D:9      | Reached *** piety under Ashenzari
 10383 | D:9      | Found a staircase to the Lair.
 10771 | D:9      | Reached **** piety under Ashenzari
 10901 | D:9      | Identified the +1 broad axe "Fankoy" {pain, Int+3}
 11071 | D:9      | Noticed Harold
 11082 | D:9      | Killed Harold
 11317 | Lair:1   | Entered Level 1 of the Lair of Beasts
 11347 | D:9      | Reached skill level 10 in Stealth
 11495 | D:10     | Entered Level 10 of the Dungeon
 12037 | D:10     | Reached XP level 12. HP: 60/72 MP: 15/15
 12321 | D:10     | Noticed Josephine
 13166 | D:9      | Reached skill level 5 in Hexes
 13166 | D:9      | Reached skill level 5 in Earth Magic
 13688 | Lair:1   | Learned a level 3 spell: Confusing Touch
 13729 | Lair:1   | Reached skill level 5 in Transmutations
 13989 | Lair:1   | Noticed an eight-headed hydra
 14021 | Lair:1   | Killed an eight-headed hydra
 14565 | Lair:2   | Identified a scroll of acquirement
 14580 | Lair:2   | Acquired the +3 crown of Dyrovepreva {rElec Int+2 SInv}
 14580 | Lair:2   | Found the +3 crown of Dyrovepreva {rElec Int+2 SInv}
 14587 | Lair:2   | Reached skill level 6 in Earth Magic
 14679 | Lair:2   | Noticed Maggie
 14694 | Lair:2   | Killed Maggie
 14801 | Lair:2   | Noticed a pharaoh ant
 15211 | Lair:2   | Noticed Amaemon
 15238 | Lair:2   | Learned a level 3 spell: Stone Arrow
 15295 | Lair:2   | Found a hole to the Spider Nest.
 15318 | Lair:3   | Noticed a death yak
 15324 | Lair:3   | Noticed a death yak
 15324 | Lair:3   | Noticed a death yak
 15325 | Lair:3   | Killed a death yak
 15584 | Lair:3   | Noticed a death yak
 15623 | Lair:3   | Killed a death yak
 15624 | Lair:3   | Reached XP level 13. HP: 31/79 MP: 16/16
 16207 | Lair:3   | Found a staircase to the Swamp.
 17258 | Lair:4   | Found a frozen archway.
 17322 | IceCv    | Entered an ice cave
 17788 | IceCv    | Reached skill level 1 in Conjurations
 19528 | IceCv    | Noticed a reaper
 19882 | IceCv    | Killed a reaper
 19981 | IceCv    | Found the +2 Maxwell's thermic engine {flame, freeze, rev}
 19982 | IceCv    | Identified the ring of the Slashing Jester {rF+ Str+2}
 20566 | Lair:4   | Reached XP level 14. HP: 90/90 MP: 20/20
 20621 | Lair:4   | Found a staircase to the Slime Pits.
 20622 | Lair:4   | Found a viscous altar of Jiyva.
 21519 | Lair:5   | Entered Level 5 of the Lair of Beasts
 22115 | Lair:5   | Learned a level 3 spell: Ozocubu's Armour
 22407 | Lair:5   | Reached skill level 1 in Ice Magic
 22539 | Lair:5   | Reached skill level 10 in Fighting
 22641 | Lair:5   | Reached skill level 5 in Evocations
 23351 | Lair:5   | Identified the +1 quarterstaff of the Land of Plenty
                  | {heavy, rC+++ Will- Dex-4 SInv}
 23904 | Lair:5   | Found a large runed translucent door.
 23935 | Lair:5   | Found a large runed translucent door.
 24059 | Lair:5   | Acquired a +2 hand crossbow of draining
 24088 | Lair:3   | Acquired the ring "Ucuib" {rElec rC++ Slay+4 Stlth+}
 24326 | D:8      | Killed Erica
 24559 | D:8      | Identified the +7 battleaxe "Noibb" {protect, rPois rF+}
 24615 | D:8      | Reached skill level 1 in Shields
 24931 | D:5      | Identified the Incunabulum of Fever
 25336 | D:10     | Killed Josephine
 25337 | D:10     | Reached XP level 15. HP: 78/95 MP: 21/21
 25432 | D:11     | Identified the +4 short sword of the Dwarven Hall {vamp,
                  | *Corrode rElec rF+}
 25939 | D:11     | Found a staircase to the Orcish Mines.
 26948 | D:12     | Reached ***** piety under Ashenzari
 27061 | D:12     | Noticed Snorg
 27107 | D:12     | Reached skill level 10 in Dodging
 27529 | D:12     | Killed Snorg
 27731 | D:13     | Upgraded the game from 0.30-a0-881-g1ff12e1e11 to
                  | 0.30-a0-883-g5ad918d77d
 28251 | D:13     | Found a gate to the Vaults.
 28563 | Orc:1    | Entered Level 1 of the Orcish Mines
 28896 | Orc:2    | Entered Level 2 of the Orcish Mines
 28947 | Orc:2    | Found a staircase to the Elven Halls.
 29042 | Orc:2    | Noticed an orc warlord
 29056 | Orc:1    | Killed an orc warlord
 29295 | Orc:2    | Reached XP level 16. HP: 94/107 MP: 23/23
 29375 | Orc:2    | Noticed Sonja
 29381 | Orc:2    | Killed Sonja
 29398 | Orc:2    | Found Dinit's Antique Armour Boutique.
 29416 | Orc:2    | Found Toash's Antique Weapon Emporium.
 29479 | Orc:2    | Found Cudwy's Antique Armour Shoppe.
 29555 | Orc:2    | Found an iron altar of Okawaru.
 29615 | Orc:2    | Found Tagasel's Book Emporium.
 29620 | Orc:2    | Bought a book of Spatial Translocations for 234 gold pieces
 29623 | Orc:2    | Learned a level 2 spell: Blink
 29668 | Orc:2    | Found Hacytot's General Store.
 29673 | Orc:2    | Bought a wand of roots (7) for 268 gold pieces
 29916 | Orc:1    | Reached skill level 1 in Armour
 29954 | Orc:1    | Reached skill level 1 in Translocations
 30252 | Orc:2    | Bought a steaming robe for 142 gold pieces
 30252 | Orc:2    | Identified the +2 robe of the Unseen Realm {+Blink Str-2
                  | Int+3} (You bought it in a shop on level 2 of the Orcish
                  | Mines)
 30287 | Orc:2    | Acquired the ring of Descent {Fire rPois Dex+4 SInv}
 30386 | D:9      | Bought a scroll of enchant weapon for 112 gold pieces
 30511 | Orc:2    | Bought a book of Misfortune for 364 gold pieces
 30517 | Orc:2    | Learned a level 5 spell: Yara's Violent Unravelling
 30712 | Lair:2   | Killed Amaemon
 31306 | Swamp:1  | Entered Level 1 of the Swamp
 31978 | Swamp:1  | Reached skill level 10 in Evocations
 32010 | Swamp:1  | Found a transporter.
 32010 | Swamp:1  | Found a transporter.
 32010 | Swamp:1  | Noticed Duck's ghost (journeyman FeBe)
 32669 | Swamp:2  | Found a runed translucent door.
 32678 | Swamp:2  | Noticed loopz's ghost (adept DEEE)
 32679 | Swamp:2  | Noticed a fenstrider witch
 32861 | Swamp:2  | Reached skill level 7 in Earth Magic
 33273 | Swamp:3  | Noticed Bai Suzhen
 33275 | Swamp:3  | Killed Bai Suzhen
 33289 | Swamp:3  | Learned a level 3 spell: Swiftness
 33330 | Swamp:3  | Reached skill level 1 in Air Magic
 33924 | Swamp:3  | Reached XP level 17. HP: 116/116 MP: 29/29
 33991 | Swamp:3  | Noticed Nikola
 34000 | Swamp:3  | Killed Nikola
 34563 | Swamp:4  | Entered Level 4 of the Swamp
 34586 | Swamp:4  | Noticed a tentacled monstrosity
 34821 | Swamp:4  | Killed a tentacled monstrosity
 35572 | Spider:1 | Entered Level 1 of the Spider Nest
 35931 | Spider:1 | Identified the +1 falchion "Yguekuj" {freeze, *Slow rC+
                  | Stlth+}
 37077 | Spider:2 | Noticed Jorgrun
 37130 | Spider:2 | Noticed Mlioglotl
 37135 | Spider:2 | Killed Mlioglotl
 37488 | Spider:2 | Reached skill level 8 in Earth Magic
 37593 | Spider:1 | Killed Jorgrun
 37594 | Spider:1 | Reached XP level 18. HP: 96/125 MP: 30/30
 38158 | Spider:2 | Reached skill level 5 in Shields
 38158 | Spider:2 | Reached skill level 5 in Conjurations
 41472 | Spider:4 | Entered Level 4 of the Spider Nest
 41523 | Spider:4 | Noticed Louise
 42298 | Spider:4 | Reached skill level 15 in Fighting
 43434 | Spider:3 | Reached XP level 19. HP: 122/131 MP: 31/31
 43615 | Spider:4 | Killed Louise
 44079 | Spider:4 | Noticed Donald
 44240 | Spider:4 | Killed Donald
 45144 | Spider:4 | Reached skill level 15 in Dodging
 45225 | Spider:4 | Identified the +0 hat of the Loofah {Will+ MP+9 Str-3
                  | Int+3}
 45231 | Spider:4 | Got a gossamer rune of Zot
 45258 | Spider:4 | Reached XP level 20. HP: 139/139 MP: 32/32
 45709 | Vaults:1 | Entered Level 1 of the Vaults
 45808 | Elf:1    | Entered Level 1 of the Elven Halls
 45935 | Elf:1    | Identified Akeonees's Almanac of Allies
 46350 | Elf:1    | Found a huge runed gate.
 46350 | Elf:1    | Found a huge runed gate.
 46350 | Elf:1    | Found a huge runed gate.
 46351 | Elf:1    | Found a huge runed gate.
 46351 | Elf:1    | Found a huge runed gate.
 46352 | Elf:1    | Found a huge runed gate.
 46354 | Elf:1    | Found a huge runed gate.
 46355 | Elf:1    | Found a huge runed gate.
 46356 | Elf:1    | Found a huge runed gate.
 46357 | Elf:1    | Found a huge runed gate.
 46358 | Elf:1    | Found a huge runed gate.
 46359 | Elf:1    | Found a huge runed gate.
 46424 | Elf:1    | Found a huge runed gate.
 46430 | Elf:1    | Found a huge runed gate.
 46430 | Elf:1    | Found a huge runed gate.
 46430 | Elf:1    | Found a huge runed gate.
 46431 | Elf:1    | Found a huge runed gate.
 46432 | Elf:1    | Found a huge runed gate.
 46433 | Elf:1    | Found a huge runed gate.
 46434 | Elf:1    | Found a huge runed gate.
 46435 | Elf:1    | Found a huge runed gate.
 46436 | Elf:1    | Found a huge runed gate.
 46442 | Elf:1    | Found a huge runed gate.
 46442 | Elf:1    | Found a huge runed gate.
 46442 | Elf:1    | Found a huge runed gate.
 46444 | Elf:1    | Found a huge runed gate.
 46446 | Elf:1    | Found a huge runed gate.
 46447 | Elf:1    | Found a huge runed gate.
 46448 | Elf:1    | Found a huge runed gate.
 46449 | Elf:1    | Found a huge runed gate.
 46450 | Elf:1    | Found a huge runed gate.
 46454 | Elf:1    | Found Ichidgh's Assorted Antiques.
 46459 | Elf:1    | Found a huge runed gate.
 46460 | Elf:1    | Bought a pair of embroidered boots for 292 gold pieces
 46460 | Elf:1    | Found a huge runed gate.
 46544 | Elf:1    | Found a huge runed gate.
 46544 | Elf:1    | Found a huge runed gate.
 46545 | Elf:1    | Found a huge runed gate.
 47238 | Orc:2    | Bought a book of the Earth for 468 gold pieces
 47244 | Orc:2    | Learned a level 5 spell: Lee's Rapid Deconstruction
 47329 | Elf:2    | Found Tamo's Assorted Antiques.
 47333 | Elf:2    | Bought a slimy leather armour for 231 gold pieces
 47333 | Elf:2    | Identified the +0 leather armour "Nomug" {rF+} (You bought
                  | it in a shop on level 2 of the Elven Halls)
 47389 | Elf:2    | Found Tomn's Magic Scroll Boutique.
 47452 | Elf:2    | Found Uvewism's Armour Boutique.
 47453 | Elf:2    | Reached skill level 9 in Earth Magic
 47744 | Elf:2    | Paralysed by an air elemental for 1 turns
 47901 | Elf:2    | Found Boveorro's General Store.
 47971 | Elf:2    | Learned a level 6 spell: Iron Shot
 47978 | Elf:2    | Found Fomp's General Store.
 48063 | Elf:2    | Identified the +0 chain mail of Akoi {Rampage +Blink Will+}
 48117 | Elf:2    | Found a radiant altar of Vehumet.
 48262 | Elf:2    | Reached skill level 10 in Conjurations
 48284 | Elf:2    | Found a runed translucent gate.
 48285 | Elf:2    | Found a runed translucent gate.
 48324 | Elf:2    | Found a runed translucent gate.
 48403 | Elf:3    | Entered Level 3 of the Elven Halls
 48537 | Elf:3    | Reached XP level 21. HP: 146/146 MP: 18/33
 50293 | Elf:3    | Identified the +8 morningstar "Celiast" {vamp, rC+ Int+3}
                  | (You took it off a deep elf demonologist on level 3 of the
                  | Elven Halls)
 50447 | Elf:3    | Identified the +11 mace "Femerr" {pain, rF- rN+ Dex+3
                  | Stlth+} (You took it off a deep elf pyromancer on level 3
                  | of the Elven Halls)
 50451 | Elf:3    | Reached skill level 5 in Spellcasting
 51377 | Elf:3    | Identified the +6 broad axe of Rikkiety {flame, Int+3
                  | Dex+7} (You took it off a deep elf pyromancer on level 3 of
                  | the Elven Halls)
 51377 | Elf:3    | Identified the +0 chain mail "Puics" {Rampage Dex+3}
 52011 | Elf:3    | Identified Sif Muna's Parchment of Shifting Refrigeration
 52089 | Elf:3    | Identified Sif Muna's Elucidation of Attendants
 52697 | Vaults:1 | Reached skill level 1 in Summonings
 53112 | Vaults:1 | Reached skill level 5 in Armour
 54487 | Vaults:1 | Reached XP level 22. HP: 150/150 MP: 33/36
 54575 | Vaults:1 | Reached skill level 5 in Summonings
 54579 | Vaults:1 | Reached skill level 15 in Ranged Weapons
 54642 | Vaults:1 | Learned a level 2 spell: Wereblood
 54663 | Vaults:1 | Found Tecim's Distillery.
 54668 | Vaults:1 | Bought a potion of heal wounds for 95 gold pieces
 54914 | Vaults:1 | Learned a level 7 spell: Spellforged Servitor
 55090 | Vaults:2 | Found a flickering gateway to a bazaar.
 55118 | Bazaar   | Entered a bazaar
 55164 | Bazaar   | Found Pewk's Antique Weapon Shop.
 55180 | Bazaar   | Found Vidymoix's Distillery.
 55185 | Bazaar   | Bought a potion of curing for 33 gold pieces
 55185 | Bazaar   | Bought a potion of haste for 110 gold pieces
 55185 | Bazaar   | Bought a potion of heal wounds for 55 gold pieces
 55185 | Bazaar   | Bought a potion of heal wounds for 55 gold pieces
 55185 | Bazaar   | Bought 2 potions of mutation for 176 gold pieces
 55185 | Bazaar   | Bought 2 potions of curing for 66 gold pieces
 55197 | Bazaar   | Found Zuemeck's Antique Armour Shop.
 55202 | Bazaar   | Bought a pair of runed gloves for 225 gold pieces
 55611 | Vaults:2 | Reached XP level 23. HP: 121/155 MP: 37/37
 56278 | Vaults:2 | Reached skill level 10 in Armour
 57213 | Vaults:2 | Found a staircase to the Crypt.
 57555 | Vaults:3 | Found a flickering gateway to a bazaar.
 57586 | Bazaar   | Entered a bazaar
 57586 | Bazaar   | Found Megit's Jewellery Shoppe.
 57586 | Bazaar   | Found Vimim's Antique Weapon Boutique.
 57617 | Bazaar   | Found Soeq's Book Shoppe.
 57620 | Bazaar   | Found Rugyux's Jewellery Emporium.
 57628 | Bazaar   | Found Qyefetes's Antique Armour Shop.
 57649 | Bazaar   | Bought a pair of jewelled boots for 237 gold pieces
 57649 | Bazaar   | Identified the +5 pair of boots of Baucsite {+Blink Int+3
                  | Slay-5 SInv} (You bought it in a shop in a bazaar)
 57678 | Bazaar   | Bought an amulet of reflection for 450 gold pieces
 57694 | Bazaar   | Bought Great Wizards, Vol. II for 342 gold pieces
 57702 | Bazaar   | Learned a level 5 spell: Borgnjor's Vile Clutch
 57730 | Vaults:3 | Reached skill level 1 in Necromancy
 57897 | Vaults:3 | Reached skill level 10 in Summonings
 58348 | Vaults:3 | Reached XP level 24. HP: 163/163 MP: 37/37
 59042 | Vaults:4 | Noticed Jory
 59055 | Vaults:4 | Killed Jory
 59157 | Vaults:4 | Found a crumbling gateway.
 59185 | Desolati | Entered the Desolation of Salt
 59289 | Desolati | Reached skill level 5 in Necromancy
 59506 | Desolati | Identified the +4 troll leather armour "Quecweno" {Will+
                  | Regen+ Str-3 Int+8 SInv}
 60099 | Desolati | Identified the +3 whip of Peace {heavy, Dex+5}
 60099 | Desolati | Identified the +1 pair of gloves "Fuxtiy" {Will+}
 60104 | Desolati | Identified the +4 dagger of Vuxo {elec, rPois rC+ Will+
                  | Dex-2}
 60107 | Desolati | Identified the ring "Uggut" {Wiz MP+9 Int+5 Dex-2}
 60189 | Desolati | Identified the ring of the Scorching Gods {rN+ EV+5 Str+3}
 60263 | Desolati | Reached skill level 10 in Earth Magic
 61172 | Vaults:4 | Identified the +0 ice dragon scales "Xuekkot" {rElec rF-
                  | rC++ rCorr Stlth-}
 61181 | Vaults:4 | Found Maiduxoq's Distillery.
 61249 | Vaults:4 | Reached skill level 11 in Earth Magic
 61429 | Vaults:4 | Found Gesch's Armour Emporium.
 62147 | Vaults:4 | Reached XP level 25. HP: 165/171 MP: 13/39
 62153 | Vaults:4 | Reached skill level 12 in Earth Magic
 62366 | Vaults:4 | Found Ylon's Weapon Shoppe.
 62675 | D:14     | Noticed Kirke
 62681 | D:14     | Killed Kirke
 62844 | D:14     | Learned a level 5 spell: Irradiate
 63483 | D:14     | Found a hazy altar of Hepliaklqana.
 63687 | D:15     | Entered Level 15 of the Dungeon
 63775 | D:15     | Found a gate leading to a gauntlet.
 63785 | Gauntlet | Entered a Gauntlet
 63791 | Gauntlet | Found a transporter.
 63820 | Gauntlet | Identified the +0 cloak of the Gusle {Will- Regen+ Int+7}
 63840 | Gauntlet | Identified the ring of Prescription {+Blink MP-9 Int-5
                  | Dex+7 Slay+4}
 63841 | Gauntlet | Found a transporter.
 63851 | Gauntlet | Identified the +3 hat of the Bespelling Gods {-Cast +Inv
                  | Regen+ Slay+4}
 63867 | Gauntlet | Found a transporter.
 63867 | Gauntlet | Found a transporter.
 63901 | Gauntlet | Found a transporter.
 63952 | Gauntlet | Found a transporter.
 63973 | Gauntlet | Identified the +0 pair of gloves "Feho" {Rampage *Slow
                  | Dex+4}
 63974 | Gauntlet | Found a transporter.
 63974 | Gauntlet | Found a transporter.
 64006 | Gauntlet | Found a transporter.
 64006 | Gauntlet | Found a transporter.
 64016 | Gauntlet | Found a transporter.
 64016 | Gauntlet | Found a transporter.
 64017 | Gauntlet | Identified the ring "Rel Yhea" {EV+5 Dex+4 Slay+5}
 64215 | Gauntlet | Identified the +11 sling of Salt {flame, rElec rC- rN+
                  | Dex+2 Stlth+}
 64215 | Gauntlet | Identified the +3 dire flail "Hydraslayer" {distort, Will++
                  | Str-3 Dex+5}
 64219 | Gauntlet | Identified the +7 sling of the Exiled Beggars {drain, rC++
                  | Will- Dex+5}
 64357 | D:15     | Found a staircase to the Depths.
 64693 | D:15     | Found an ornate altar of the Wu Jian Council.
 64980 | D:15     | Identified Roxanne's Lessons on the Quake
 64980 | D:15     | Noticed Roxanne
 64985 | D:15     | Killed Roxanne
 65367 | Depths:1 | Entered Level 1 of the Depths
 65456 | Depths:1 | Noticed Aizul
 65466 | D:15     | Killed Aizul
 65493 | Depths:1 | Reached skill level 13 in Earth Magic
 65527 | Depths:1 | Found a gateway to Hell.
 65819 | Depths:1 | Reached skill level 14 in Earth Magic
 65869 | Depths:1 | Found a one-way gateway to a ziggurat.
 66181 | Depths:1 | Found a one-way gate leading to the halls of Pandemonium.
 66253 | Depths:1 | Found a one-way gate to the infinite horrors of the Abyss.
 66288 | Depths:1 | Found a white marble altar of Elyvilon.
 66509 | Depths:1 | Reached skill level 15 in Earth Magic
 66707 | Depths:2 | Noticed Grunn
 66708 | Depths:2 | Killed Grunn
 66905 | Depths:2 | Reached skill level 16 in Earth Magic
 66985 | Depths:2 | Found Zeopsiar's General Store.
 67349 | Depths:2 | Noticed a caustic shrike
 67349 | Depths:2 | Killed a caustic shrike
 67353 | Depths:2 | Identified the +0 plate armour of Defiance {rC+ Regen+}
 67397 | Depths:2 | Reached skill level 17 in Earth Magic
 67530 | Depths:2 | Reached XP level 26. HP: 179/179 MP: 35/41
 67712 | Depths:2 | Found a stormy altar of Qazlal.
 67775 | Depths:2 | Identified the +0 shortbow of the Festooned God {flame,
                  | Int+4}
 68162 | Depths:3 | Found a corrupted altar of Lugonu.
 68467 | Depths:3 | Reached skill level 18 in Earth Magic
 68692 | Depths:3 | Noticed Parghit
 68696 | Depths:3 | Killed Parghit
 69005 | Depths:3 | Found a shimmering altar of Xom.
 69703 | Depths:3 | Reached skill level 19 in Earth Magic
 69923 | Depths:4 | Entered Level 4 of the Depths
 70227 | Depths:4 | Learned a level 7 spell: Enfeeble
 70652 | Depths:4 | Reached skill level 10 in Hexes
 71726 | Depths:4 | Found a gate to the Realm of Zot.
 72842 | Swamp:4  | Reached XP level 27. HP: 184/184 MP: 36/41
 72944 | Swamp:4  | Got a decaying rune of Zot
 73511 | Depths:1 | Voluntarily entered the Abyss.
 73511 | Abyss:1  | Found a corrupted altar of Lugonu.
 73538 | Abyss:2  | Found a corrupted altar of Lugonu.
 73681 | Depths:1 | Escaped the Abyss
 73683 | Depths:1 | Voluntarily entered the Abyss.
 73683 | Abyss:3  | Found a corrupted altar of Lugonu.
 73759 | Abyss:3  | Identified the cursed +2 cloak of Star-Bound Wisdom {Will+,
                  | Cun, Elem} (You found it on level 5 of the Lair of Beasts)
 73759 | Abyss:3  | Identified the cursed +2 pair of gloves "Astral the
                  | Doldrums" {Comp, Bglg} (You found it on level 3 of the
                  | Elven Halls)
 73759 | Abyss:3  | Identified the cursed +0 pair of boots of the Oracular
                  | Cosmos {Fly, Elem, Evo} (You found it in a bailey)
 73759 | Abyss:3  | Identified the cursed +2 buckler of the Bound Sorrow {rC+,
                  | Evo, Bglg} (You found it in an ice cave)
 73770 | Abyss:3  | Reached skill level 10 in Spellcasting
 74104 | Abyss:3  | Found a corrupted altar of Lugonu.
 74220 | Abyss:3  | Found a corrupted altar of Lugonu.
 74249 | Abyss:3  | Got an abyssal rune of Zot
 74380 | Depths:1 | Escaped the Abyss
 74580 | Zot:1    | Entered Level 1 of the Realm of Zot
 74585 | Zot:1    | Reached skill level 10 in Necromancy
 74585 | Zot:1    | Found the +4 dragonskin cloak
 74585 | Zot:1    | Noticed Tiamat
 74667 | Zot:1    | Slain by Tiamat

Illustrated notes

Levels and vault maps discovered:
D:1:      dpeg_arrival_orchard, layout_basic, hangedman_abyss_or_decor_stabs,
          corner_web_ring, minivault_23
D:2:      layout_basic, hellmonk_ecumenical_altar_run_dry, minmay_heptomino_l4
D:3:      layout_loops_ring
D:4:      layout_basic, minmay_temple_entry_tees
D:5:      cheibrodos_two_vegetables, layout_basic, uniq_duvessa
D:6:      layout_basic
D:7:      layout_loops_ring, gammafunk_temple_overflow_forgotten,
          enter_bailey_7, nrook_pool_corridor, minmay_hollow_rounded_squares
D:8:      minmay_tri_box, layout_rooms, blue_anna_alchemist, uniq_erica
D:9:      layout_stronghold, david_lair_generic, serial_shops,
          nicolae_diamond_shop, uniq_harold
D:10:     layout_long_grid, uniq_josephine
D:11:     layout_basic, minmay_orc_entry_temple_small, corexii_checkpoint_a
D:12:     layout_basic, uniq_snorg
D:13:     layout_cave_pools, hangedman_vaults_entry_quadrant_bands
D:14:     layout_loops_corners, nzn_hepliaklqana_mist_gate, uniq_kirke
D:15:     grunt_enter_depths_hoard, layout_irregular_city,
          gauntlet_entry_generic, hangedman_decor_riveting,
          pdpol_wu_jian_five_deadly_venoms, uniq_roxanne
Temple:   hellmonk_temple_of_storms
Lair:1:   layout_gridlike, nicolae_volcano_entry_two_sided
Lair:2:   layout_big_grid, nicolae_spider_entry_lesser_pyramids,
          lemuel_fruit_tree, serial_bayou_shore_b, grunt_megastairs_2,
          serial_bayou_shore_b, uniq_maggie, uniq_amaemon
Lair:3:   layout_chaotic_city, skrybe_swamp_entry_bodies
Lair:4:   layout_loops_ring, slime_entry_1, portal_ice_cave_rime,
          beast_lair_carwin_8
Lair:5:   cheibrodos_lair_end_hotspot, layout_layer_cave
Swamp:1:  layout_basic_swamp, gammafunk_ghost_mausoleum,
          evilmike_swamp_ruin_house_2
Swamp:2:  layout_basic_swamp, ebering_ghost_inner_flame,
          nicolae_swamp_triple_paths
Swamp:3:  layout_basic_swamp, evilmike_swamp_ruin_house_4, uniq_nikola,
          uniq_bai_suzhen
Swamp:4:  nzn_swamp_witches_coven, layout_basic_swamp,
          infiniplex_staircase_pool_2
Spider:1: lemuel_spider_zombies
Spider:2: spider_temple_joshua, nicolae_spider_cling_halls, uniq_jorgrun,
          uniq_mlioglotl
Spider:3: layout_spider_delve
Spider:4: grunt_spider_rune_parallel, uniq_louise, uniq_donald
Orc:1:    layout_caves
Orc:2:    grunt_orc_gardens, layout_caves, grunt_orc_garden, grunt_orc_garden,
          grunt_orc_garden, grunt_orc_garden, serial_shops, shop,
          okawaru_metal_pillars_3, uniq_sonja
Elf:1:    nicolae_elf_arrival_no_cutting_in_line, layout_gridlike, serial_shops,
          shop, serial_corexii_hall, corexii_hall_statues_l,
          corexii_hall_statues_t, minmay_elf_demonology, door_vault
Elf:2:    nicolae_elf_blades_splatter_lattice
          [nicolae_blade_entry_sentries_behind_glass], layout_onion_city,
          serial_shops, nicolae_take_the_stairs, nicolae_shop_behind_doors,
          shop, nicolae_shop_stone, nicolae_shop_hallway_stairs,
          david_defended_altar_elf, uniq_saint_roka
Elf:3:    grunt_elf_hall_spiral, layout_geoelf_octagon, serial_sigils,
          serial_sigils_hangedman_scratch, serial_sigils_hangedman_writhe,
          serial_sigils_hangedman_confine, serial_sigils_hangedman_quiver,
          serial_sigils_hangedman_gnaw, serial_sigils_hangedman_gut
Vaults:1: nicolae_vaults_ring_of_whatevers, vaults_dpeg_emergency_exit,
          nicolae_vaults_network_periphery, vaults_room_ringed_pool,
          vaults_room_fancy_cross, v_pattern_3, st_spiral_rooms, v_misc_24,
          hangedman_vaults_nails, vaults_mumra_chevron_long,
          hangedman_vaults_capsules, nicolae_vaults_little_squares_5,
          nicolae_vaults_network_s, layout_vaults_ring, serial_shops, shop
Vaults:2: minmay_crypt_entry_simple_box, nicolae_vaults_ring_of_whatevers,
          hangedman_vaults_stagger, nicolae_vaults_shelves_hall,
          nicolae_vaults_little_squares_1, v_misc_26,
          nicolae_vaults_border_crossing, nicolae_vaults_little_squares_1,
          ontoclasm_vaults_ring_small, layout_vaults_big_room, serial_shops,
          freezing_bzr, uniq_margery
Vaults:3: v_misc_10, nicolae_vaults_network_star, nicolae_vaults_three_branches,
          v_misc_16, ontoclasm_vaults_decontamination, ontoclasm_vaults_chip,
          hangedman_vaults_stitches, vaults_room_stairs_pillars,
          nicolae_vaults_little_squares_6, v_misc_26,
          nicolae_vaults_little_squares_2, layout_vaults_maze_snakey,
          serial_shops, bzr_entry_gold
Vaults:4: portal_desolation_entry_twin_temple, vaults_room_grid,
          nicolae_vaults_specimen_jars, nicolae_vaults_display_case, v_misc_13,
          v_misc_3, dpeg_vaults_monster_box, v_misc_31, vaults_dpeg_diagonal,
          vaults_mumra_hexcomb, vaults_room_grunt_arrival_checkpoint,
          vaults_room_corners, v_misc_23, vaults_room_octagon,
          layout_vaults_omnibox, serial_shops, nicolae_diamond_shop,
          nicolae_shop_bloodbath_and_beyond, uniq_jory
Depths:1: layout_cave_pools, enter_ziggurat_a, elyvilon_altar_4, hell_entry,
          abyss_entry, pan_entry, kennysheep_diamond, nicolae_water_bricks,
          kennysheep_generic_room_3, serial_bayou_shore_a, uniq_aizul
Depths:2: evilmike_cross, layout_gridlike, rand_demon_pan_entry_3,
          hangedman_coc_ice_floe, serial_shops, nicolae_shop_crystal,
          nicolae_qazlal_scattered_showers, minmay_librarian, uniq_grunn
Depths:3: kennysheep_windowed_halls, layout_cave_shapes, xom_teletrap_fun,
          pf_hell_entry_tar_river, abyss_entry_flame_altar, drop_trap,
          uniq_parghit
Depths:4: grunt_zot_entry_bicorn, layout_cave_pools, serial_column_ruins,
          column_ruins_portal_island, column_ruins_hut, column_ruins_open_large,
          column_ruins_open_small_water, column_ruins_grid_1,
          column_ruins_grid_4, column_ruins_open_small,
          column_ruins_corridor_corner, column_ruins_columns_straight,
          rand_demon_pan_entry_9, abyss_entry, grunt_hell_entry_dis_mu,
          minmay_misc_feat_iff
Zot:1:    grunt_twist_and_shout, layout_onion_interference, nicolae_diode_basic,
          uniq_tiamat

Skill      XL: |  1  2  3  4  5  6  7  8  9 10 11 12 13 14 15 16 17 18 19 20 21 22 23 24 25 26 27 |
---------------+----------------------------------------------------------------------------------+-----
Ranged Weapons | 3 4 5 6 9 10 11 12 13 14 15 | 15.8
Stealth        | 2 3 4 5 6 8 10 11 13 14 | 14.6
Short Blades   | 2 5 7 9 10 11 | 11.7
Evocations     | 3 4 7 8 10 11 | 11.5
Fighting       | 3 5 7 8 9 10 12 13 14 15 16 | 16.7
Dodging        | 4 6 8 9 11 13 14 15 16 | 16.7
Transmutations | 3 4 6 7 8 |  8.6
Earth Magic    | 4 6 7 8 9 11 17 19 | 19.8
Spellcasting   | 2 4 6 7 9 11 | 11.0
Hexes          | 4 6 7 8 9 11 | 11.5
Conjurations   | 3 4 9 10 13 14 | 14.5
Ice Magic      | 1 2 |  2.5
Shields        | 1 4 5 |  5.0
Armour         | 4 7 9 11 12 | 12.8
Translocations | 1 |  1.1
Air Magic      | 1 |  1.0
Summonings     | 4 7 10 12 | 12.6
Necromancy     | 3 7 8 10 | 10.4

Action                     |  1- 3 |  4- 6 |  7- 9 | 10-12 | 13-15 | 16-18 | 19-21 | 22-24 | 25-27 || total
---------------------------+-------+-------+-------+-------+-------+-------+-------+-------+-------++-------
  Melee: Dagger            |       |   169 |   197 |   480 |   518 |   186 |    54 |    56 |    62 ||  1722
         Unarmed           |       |     2 |       |    23 |       |       |       |       |     9 ||    34
         Punch             |       |       |     3 |     9 |     8 |       |       |       |       ||    20
   Fire: Sling             |   137 |    47 |    34 |       |       |       |       |       |       ||   218
         Shortbow          |       |       |    57 |   128 |       |       |       |       |       ||   185
         Arbalest          |       |       |       |   190 |   393 |       |       |       |       ||   583
         Hand crossbow     |       |       |       |       |   380 |   913 |   582 |   673 |   833 ||  3381
  Throw: Boomerang         |       |       |       |       |     1 |       |       |       |       ||     1
         Dart              |       |       |       |       |       |     3 |     1 |       |     1 ||     5
   Cast: Slow              |    15 |     4 |     6 |       |     1 |     3 |       |       |       ||    29
         Inner Flame       |       |     3 |     1 |       |       |       |       |       |       ||     4
         Passwall          |       |       |       |     8 |    18 |    28 |    12 |       |    47 ||   113
         Ozocubu's Armour  |       |       |       |       |       |     3 |     4 |     8 |     2 ||    17
         Swiftness         |       |       |       |       |       |     1 |       |       |       ||     1
         Yara's Violent Un |       |       |       |       |       |       |    14 |     4 |     7 ||    25
         Lee's Rapid Decon |       |       |       |       |       |       |    46 |     9 |    18 ||    73
         Iron Shot         |       |       |       |       |       |       |     1 |     5 |     8 ||    14
         Wereblood         |       |       |       |       |       |       |       |     8 |     1 ||     9
         Borgnjor's Vile C |       |       |       |       |       |       |       |    15 |    17 ||    32
         Spellforged Servi |       |       |       |       |       |       |       |    18 |    64 ||    82
         Irradiate         |       |       |       |       |       |       |       |       |     4 ||     4
 Invoke: Curse Item        |       |       |     2 |     4 |     5 |     1 |       |     2 |     1 ||    15
         Shatter the Chain |       |       |       |     1 |     2 |     1 |     1 |     1 |       ||     6
  Evoke: Phantom mirror    |       |       |       |     1 |       |     2 |       |       |     2 ||     5
         Wand              |       |       |       |     3 |    13 |    16 |     3 |     1 |     2 ||    38
         Condenser vane    |       |       |       |       |       |       |     3 |     4 |     2 ||     9
    Use: Scroll            |       |     9 |     2 |     2 |     3 |    16 |     6 |     4 |     9 ||    51
         Potion            |       |     2 |       |     3 |     2 |     6 |     2 |     1 |     5 ||    21
   Stab: Sleeping          |       |     7 |     9 |    12 |    44 |    68 |    39 |    44 |    58 ||   281
         Distracted        |       |     1 |       |     1 |       |       |       |       |       ||     2
         Invisible         |       |       |       |     2 |     1 |     3 |       |       |       ||     6
         Paralysed         |       |       |       |       |       |     1 |       |       |     2 ||     3
         Confused          |       |       |       |       |       |       |       |       |     1 ||     1
 Armour: Robe              |    12 |    14 |    22 |       |       |       |       |       |       ||    48
         Skin              |       |     5 |       |    32 |       |       |       |       |       ||    37
         Leather armour    |       |       |       |    75 |   123 |   155 |    69 |    95 |       ||   517
         Troll leather arm |       |       |       |       |       |       |       |    15 |   111 ||   126
  Dodge: Dodged            |    81 |   171 |   209 |   832 |   952 |  1037 |   445 |   701 |   612 ||  5040
  Block: Buckler           |       |       |       |       |   139 |   422 |   145 |   326 |   454 ||  1486
         Reflection        |       |       |       |       |       |       |       |     8 |    15 ||    23

Table legend: (Time is in decaauts)
 A = Elapsed time spent in this place.
 B = Non-inter-level travel time spent in this place.
 C = Inter-level travel time spent in this place.
 D = Time resting spent in this place.
 E = Time spent auto-exploring this place.
 F = Levels seen in this place.
 G = Mean time per level.
                   A        B        C        D        E       F      G
               +--------+--------+--------+--------+--------+-----+--------+
         Total |  74406 |  68952 |   5454 |  21075 |  32343 |  54 | 1377.9 |
       Dungeon |  19616 |  17396 |   2220 |   3511 |  10329 |  15 | 1307.7 |
        Temple |     69 |     56 |     13 |      0 |     27 |   1 |   69.0 |
          Lair |   9269 |   8403 |    866 |   2347 |   4298 |   5 | 1853.8 |
         Swamp |   5170 |   4871 |    299 |   1886 |   2096 |   4 | 1292.5 |
   Spider Nest |  10033 |   9384 |    649 |   4719 |   2704 |   4 | 2508.2 |
  Orcish Mines |   1906 |   1675 |    231 |     93 |   1089 |   2 |  953.0 |
   Elven Halls |   6160 |   5645 |    515 |   2211 |   2282 |   3 | 2053.3 |
        Vaults |   8316 |   8042 |    274 |   1624 |   4529 |   4 | 2079.0 |
        Depths |   6652 |   6268 |    384 |   1526 |   3265 |   4 | 1663.0 |
           Zot |     29 |     29 |      0 |      0 |      0 |   1 |   29.0 |
         Abyss |    873 |    873 |      0 |    171 |      0 |   5 |  174.6 |
        Bazaar |    224 |    224 |      0 |      0 |    149 |   2 |  112.0 |
        Bailey |   1192 |   1192 |      0 |    761 |    145 |   1 | 1192.0 |
      Ice Cave |   2803 |   2803 |      0 |   1967 |    375 |   1 | 2803.0 |
    Desolation |   1578 |   1578 |      0 |    232 |    789 |   1 | 1578.0 |
      Gauntlet |    510 |    510 |      0 |     23 |    266 |   1 |  510.0 |
               +--------+--------+--------+--------+--------+-----+--------+

Top non-repeatable levels by time:
Spider:3: 2906 daAuts
Spider:2: 2899 daAuts
   Elf:3: 2857 daAuts
   IceCv: 2803 daAuts
Vaults:1: 2523 daAuts
     D:9: 2490 daAuts
Spider:1: 2405 daAuts
Vaults:2: 2283 daAuts
  Lair:5: 2103 daAuts
Depths:4: 2022 daAuts
  Lair:2: 1958 daAuts
 Swamp:4: 1944 daAuts
Vaults:4: 1890 daAuts
    D:10: 1869 daAuts
  Lair:4: 1826 daAuts
